 Dungeon Crawl Stone Soup version 0.29.1-2-gbd0b4ee654 (webtiles) character file.

Game seed: 14742746499850184843

121 safid the Shooter (level 4, -6/41 HPs)
             Began as a Minotaur Hunter on Nov 30, 2022.
             Killed by divine providence
             ... invoked by an orc priest
              (16 damage)
             ... on level 3 of the Dungeon.
             The game lasted 00:01:53 (2682 turns).

safid the Shooter (Minotaur Hunter)                 Turns: 2682, Time: 00:01:54

Health: -6/41      AC:  3    Str: 15    XL:     4   Next: 77%
Magic:  3/3        EV: 12    Int:  6    God:
Gold:   114        SH:  0    Dex: 16    Spells: 3/3 levels left

rFire   . . .      SeeInvis .   a - +0 shortbow
rCold   . . .      Faith    .   (shield currently unavailable)
rNeg    . . .      Spirit   .   c - +0 leather armour
rPois   .          Reflect  .   (helmet restricted)
rElec   .          Harm     .   (no cloak)
rCorr   .          Rampage  .   (no gloves)
Will    .....                   (no boots)
Stlth   +.........              (no amulet)
HPRegen 0.13/turn               (no ring)
MPRegen 0.08/turn               (no ring)

@: no status effects
A: horns 2, retaliatory headbutt
a: no special abilities


You were on level 3 of the Dungeon.
You visited 1 branch of the dungeon, and saw 3 of its levels.

You collected 114 gold pieces.

Inventory:

Hand Weapons
 a - a +0 shortbow (weapon)
Armour
 c - a +0 leather armour (worn)
Jewellery
 k - a ring of magical power
Scrolls
 b - a scroll of immolation
 d - 4 scrolls of identify {unknown}
 f - 4 scrolls of enchant armour {unknown}
 i - a scroll of butterflies {unknown}
 j - a scroll of noise {unknown}
 m - a scroll of teleportation {unknown}
 n - a scroll of poison {unknown}
Potions
 e - a potion of flight {unknown}
 g - 3 potions of brilliance {unknown}
 h - 2 potions of curing {unknown}
 l - 2 potions of lignification {unknown}


   Skills:
 + Level 4.6 Fighting
 + Level 5.7 Ranged Weapons
 - Level 2.1 Dodging
 - Level 0.7 Stealth


You had 3 spell levels left.
You didn't know any spells.
Your spell library was empty.

Dungeon Overview and Level Annotations

Branches:
Dungeon (3/15)

Altars:
Ru


Innate Abilities, Weirdness & Mutations

You have a pair of horns on your head.
You reflexively headbutt those who attack you in melee.


Message History

You shoot an arrow.
The arrow hits the orc priest but does no damage.
The orc priest is severely wounded.
You shoot an arrow. The arrow barely misses the orc priest.
The arrow closely misses the orc.
The orc priest misses you. You furiously retaliate!
You headbutt the orc priest.
A rat comes into view.
You shoot an arrow. The arrow hits the orc.
You kill the orc!
You shoot an arrow.
The arrow hits the orc priest but does no damage.
The orc priest is almost dead.
The orc priest invokes the aid of Beogh against you.
Beogh smites you!
You are too injured to fight recklessly!
You are too injured to fight recklessly!
You are too injured to fight recklessly!
You are too injured to fight recklessly!
Unknown command.
Fire: a) +0 shortbow
Press: ? - help, Q - select action Shift-Dir - straight line, f/p - orc priest
Aim: an orc priest, wielding a +0 club and wearing a +0 leather armour (almost dead, 64% to hit)
You shoot an arrow.
The arrow hits the orc priest but does no damage.
The orc priest is almost dead.
The orc priest hits you with a +0 club.
* * * LOW HITPOINT WARNING * * *
Unknown command.
Fire: a) +0 shortbow
Press: ? - help, Q - select action Shift-Dir - straight line, f/p - orc priest
Aim: an orc priest, wielding a +0 club and wearing a +0 leather armour (almost dead, 64% to hit)
You shoot an arrow.
The arrow hits the orc priest but does no damage.
The orc priest is almost dead.
The orc priest mumbles some strange prayers to Beogh against you.
Pain shoots through your body!
* * * LOW HITPOINT WARNING * * *
The orc priest invokes the aid of Beogh against you.
Beogh smites you!
You die...

#.....[.#
#.......#
#.......#
......#.#
#######.# #.#
#.#
#.#####.#####
#..oro@.....+
....o###.#####
### #.# ..#
###


You could see an orc priest, 2 orcs and a rat.

Vanquished Creatures
  4 gnolls (D:2)
  3 adders
  3 dart slugs (D:1)
  An orc (D:3)
  7 ball pythons
  3 endoplasms (D:1)
  A giant cockroach (D:1)
  2 goblins
  4 hobgoblins
  6 jackals
  2 quokkas
  5 bats
  A frilled lizard (D:1)
  5 kobolds
  2 rats
49 creatures vanquished.

Notes
Turn   | Place    | Note
-------+----------+-------------------------------------------
     0 | D:1      | safid the Minotaur Hunter began the quest for the Orb.
     0 | D:1      | Reached XP level 1. HP: 18/18 MP: 0/0
   477 | D:1      | Reached XP level 2. HP: 25/25 MP: 1/1
   832 | D:1      | Reached XP level 3. HP: 31/31 MP: 2/2
   838 | D:1      | Reached skill level 5 in Ranged Weapons
  1301 | D:2      | Reached XP level 4. HP: 23/40 MP: 3/3
  1713 | D:2      | Found a sacrificial altar of Ru.
  2429 | D:3      | Found a faded altar of an unknown god.
  2682 | D:3      | Killed from afar by an orc priest

Illustrated notes

Levels and vault maps discovered:
D:1:      sevenhm_arrival_forest_fort_small_3, layout_basic
D:2:      minmay_wonky_spiral, layout_basic, basic_altar, interstate_on_off,
          kennysheep_pointless_box, chequers_serial_rivers_micro_b
D:3:      cheibrodos_helix_gallery, layout_basic, basic_ecumenical_altar,
          kennysheep_small_spiral, minmay_snake_closets

Skill      XL: |  1  2  3 |
---------------+----------+-----
Fighting       | 3 4 |  4.6
Ranged Weapons | 5 |  5.7
Dodging        | |  2.1
Stealth        | |  0.7

Action                   |  1- 3 |  4- 6 || total
-------------------------+-------+-------++-------
 Fire: Shortbow          |   103 |    55 ||   158
Armor: Leather armour    |    11 |     7 ||    18
Dodge: Dodged            |    27 |    22 ||    49
